 Dungeon Crawl Stone Soup version 0.21-a0-404-g291f19a (webtiles) character file.

23 nikopol the Grasshopper (level 2, 0/27 HPs)
             Began as a Troll Warper on Oct 28, 2017.
             Slain by Sigmund
             ... wielding a +0 scythe
              (7 damage)
             ... on level 2 of the Dungeon.
             The game lasted 00:01:51 (512 turns).

nikopol the Grasshopper (Troll Warper)               Turns: 512, Time: 00:01:52

Health: 0/27       AC:  5    Str: 18    XL:     2   Next: 72%
Magic:  3/3        EV: 10    Int:  9    God:
Gold:   39         SH:  0    Dex:  9    Spells: 2/4 levels left

rFire    . . .     SeeInvis .     - Unarmed
rCold    . . .     Gourm    +   (no shield)
rNeg     . . .     Faith    .   a - +0 robe
rPois    .         Spirit   .   (helmet restricted)
rElec    .         Reflect  .   (no cloak)
rCorr    .         Harm     +   (gloves unavailable)
MR       .....                  (boots unavailable)
Stlth    +.........             k - amulet of harm
HPRegen  0.49/turn              (no ring)
MPRegen  0.08/turn              (no ring)

@: no status effects
A: unfitting armour, claws 3, fast metabolism 3, gourmand, regeneration 1,
shaggy fur 1, tough skin 2
a: no special abilities


You were on level 2 of the Dungeon.
You were hungry.

You visited 1 branch of the dungeon, and saw 2 of its levels.

You collected 39 gold pieces.

Inventory:

Missiles
 d - 5 tomahawks of dispersal (quivered)
Armour
 a - a +0 robe (worn)
Jewellery
 k - an amulet of harm (around neck)
 l - an uncursed ring of protection from fire {unknown}
Scrolls
 c - 2 scrolls of blinking
 e - a scroll of fear {unknown}
 i - 3 scrolls of identify {unknown}
 j - 2 scrolls of noise {unknown}
 m - a scroll of teleportation {unknown}
Potions
 h - a potion of ambrosia {unknown}
 n - a potion of curing {unknown}
Books
 b - a book of Spatial Translocations

   Spells                             Type                      Level
   a - Blink                          Translocation                2
   b - Shroud of Golubria             Charms/Translocation         2
   c - Lesser Beckoning               Translocation                3
   d - Gell's Gravitas                Translocation                3
   e - Teleport Other                 Translocation                3
   f - Passage of Golubria            Translocation                4
Comestibles
 f - 3 bread rations
 g - 2 meat rations


   Skills:
 + Level 1.6 Fighting
 + Level 0.8 Throwing
 + Level 2.0 Dodging
 + Level 2.2 Unarmed Combat
 + Level 1.6 Spellcasting
 + Level 2.4 Translocations


You had 2 spell levels left.
You knew the following spells:

 Your Spells              Type           Power        Failure   Level  Hunger
a - Blink                 Tloc           N/A          19%         2    ###....


Dungeon Overview and Level Annotations

Branches:
Dungeon (2/15)

Altars:

Annotations:
D:2 Sigmund


Innate Abilities, Weirdness & Mutations

You are too large for most types of armour.
You have claws for hands.
Your metabolism is lightning-fast.
You like to eat raw meat.
Your natural rate of healing is unusually fast.
You are covered in fur. (AC +1)
You have very tough skin. (AC +2)


Message History

Sigmund hits you but does no damage.
You barely miss Sigmund.
Sigmund is heavily wounded.
Sigmund gestures at you while chanting. The puff of flame hits you!
You closely miss Sigmund.
Sigmund is heavily wounded.
Sigmund hits you with a scythe!
Ouch! That really hurt!
* * * LOW HITPOINT WARNING * * *
You are too injured to fight recklessly!
You scratch Sigmund.
Sigmund is heavily wounded.
You barely miss Sigmund.
Sigmund is heavily wounded.
Sigmund barely misses you.
You scratch Sigmund.
Sigmund is heavily wounded.
Sigmund hits you with a scythe.
You die...

.### #...# ## #...# #
#...######### #
#...#.......# #
#######...#..(....# .#
##.............#..# ..##
...............#..#.....
##.....(.........@.....#
#######.(.#.....@.#
#...>.....##..(..##
#.#####...######## #
####...# # #......#
.....##.### .... #)#
###.....# #......


You could see Sigmund.

Vanquished Creatures
  An ooze (D:1)
  A leopard gecko (D:2)
  A giant cockroach (D:1)
  3 goblins
  2 hobgoblins (D:1)
  A ball python (D:1)
  2 bats
  A frilled lizard (D:1)
  4 kobolds
  A rat (D:1)
  A toadstool (D:1)
18 creatures vanquished.

Vanquished Creatures (others)
  3 toadstools (D:1)
3 creatures vanquished.

Grand Total: 21 creatures vanquished

Notes
Turn   | Place    | Note
-------+----------+-------------------------------------------
     0 | D:1      | nikopol the Troll Warper began the quest for the Orb.
     0 | D:1      | Reached XP level 1. HP: 19/19 MP: 1/1
   101 | D:1      | Reached XP level 2. HP: 26/27 MP: 1/3
   120 | D:1      | Learned a level 2 spell: Blink
   501 | D:2      | Noticed Sigmund
   512 | D:2      | Slain by Sigmund

Vault maps used:
D:1:      ldierk_water_garden
D:2:      uniq_sigmund

Skill      XL: |  1 |
---------------+----+-----
Dodging        | 2 |  2.0
Fighting       | |  1.6
Throwing       | |  0.8
Unarmed Combat | |  2.2
Spellcasting   | |  1.6
Translocations | |  2.4

Action                   || total
-------------------------++-------
Melee: Unarmed           ||    65
  Eat: Chunk             ||     1
Armor: Robe              ||    16
Dodge: Dodged            ||    35

Table legend:
 A = Spawn XP
 B = Non-spawn XP
 C = Spawn XP percentage of total XP
 D = Spawn monster count
 E = Non-spawn monster count
 F = Spawn count percentage of total count
 G = Total turns spent on level
                    A         B        C        D         E        F      G
               +---------+---------+-------+---------+---------+-------+---------
         Total |       0 |      33 |   0.0 |       0 |      17 |   0.0 |   512
               +---------+---------+-------+---------+---------+-------+---------
           D:1 |       0 |      24 |   0.0 |       0 |      12 |   0.0 |   361
           D:2 |       0 |       9 |   0.0 |       0 |       5 |   0.0 |   151
               +---------+---------+-------+---------+---------+-------+---------
